 Dungeon Crawl Stone Soup version 0.22.0 (webtiles) character file.

116 Blackhawk the Skirmisher (level 5, -5/42 HPs)
             Began as a Formicid Abyssal Knight on Oct 26, 2018.
             Was a Follower of Lugonu.
             Slain by an orc
             ... wielding a +0 mace
              (7 damage)
             ... on level 2 of the Dungeon.
             The game lasted 00:04:17 (1500 turns).

Blackhawk the Skirmisher (Formicid Abyssal Knight)  Turns: 1500, Time: 00:04:17

Health: -5/42      AC:  4    Str: 18    XL:     5   Next: 20%
Magic:  7/7        EV: 12    Int: 11    God:    Lugonu [*.....]
Gold:   55         SH:  0    Dex: 10    Spells: 4/4 levels left

rFire    . . .     SeeInvis +   h - +1 whip (flame)
rCold    . . .     Gourm    .   (no shield)
rNeg     . . .     Faith    .   b - +1 leather armour
rPois    .         Spirit   .   (helmet unavailable)
rElec    .         Reflect  .   (no cloak)
rCorr    .         Harm     .   (no gloves)
MR       .....                  (no boots)
Stlth    +.........             (no amulet)
HPRegen  0.14/turn              (no ring)
MPRegen  0.10/turn              (no ring)

@: no status effects
A: permanent stasis, dig shafts and tunnels, four strong arms, antennae 3
a: Dig, Shaft Self, Depart the Abyss, Renounce Religion


You were on level 2 of the Dungeon.
You worshipped Lugonu.
Lugonu was aware of your devotion.
You were not hungry.

You visited 1 branch of the dungeon, and saw 2 of its levels.
You visited the Abyss 1 time.

You collected 55 gold pieces.

Inventory:

Hand Weapons
 a - a +1 mace
 h - a +1 whip of flaming (weapon)
Missiles
 g - 18 stones (quivered)
Armour
 b - a +1 leather armour (worn)
Jewellery
 d - an uncursed amulet of faith {unknown}
 j - an uncursed ring of protection from cold {unknown}
Wands
 e - a wand of polymorph (6)
Potions
 f - a potion of curing {unknown}
 i - a potion of brilliance {unknown}
Comestibles
 c - 2 rations


   Skills:
 + Level 4.0 Fighting
 + Level 2.8 Maces & Flails
 + Level 3.0 Armour
 + Level 1.9 Dodging
 + Level 3.2 Invocations


You had 4 spell levels left.
You didn't know any spells.
Your spell library was empty.

Dungeon Overview and Level Annotations

Branches:
Dungeon (2/15)

Altars:


Innate Abilities, Weirdness & Mutations

You cannot be hasted, slowed, berserked, paralysed or teleported.
You can dig through walls and to a lower floor.
Your four strong arms can wield two-handed weapons with a shield.
You have a pair of large antennae on your head. (SInv)


Message History

You barely miss the orc wizard.
The orc wizard is almost dead.
The orc wizard closely misses you.
You closely miss the orc wizard.
The orc wizard is almost dead.
The orc wizard hits you with a dagger.
* * * LOW HITPOINT WARNING * * *
You hit the orc wizard. You burn the orc wizard.
You kill the orc wizard!
Lugonu accepts your kill.
Your Invocations skill increases to level 3!
You hit the orc wizard. You burn the orc wizard.
You kill the orc wizard!
Lugonu accepts your kill.
Your Fighting skill increases to level 4!
Your Armour skill increases to level 3!
You have reached level 5!
You extend your mandibles.
You dig through the rock wall.
The orc hits you with a mace!
You die...

# #. #.# ♣♣## ##'# #.# ♣...
#...# ### #.######♣♣ #.##
.....# ##.###.....##.# #.##
......##)#@#....#.##.# #...
.......##o#...#.#.##.###...
....o..'...............^...
.......####...#.#.##.####..
......# ##..#.#.##.####..
.....# ##.....##.......
#...# ###.#########.# ##+#
#.# ... #.# ..#.


You could see an orc.

Vanquished Creatures
  2 orc wizards (D:2)
  An adder (D:2)
  An ooze (D:1)
  A worm (D:2)
  2 dart slugs (D:1)
  A leopard gecko (D:1)
  An orc (D:2)
  6 bats
  2 giant cockroaches (D:1)
  2 hobgoblins (D:1)
  2 jackals (D:1)
  2 frilled lizards (D:1)
  5 goblins (D:1)
  6 kobolds
  3 rats
37 creatures vanquished.

Notes
Turn   | Place    | Note
-------+----------+-------------------------------------------
     0 | Abyss:1  | Blackhawk the Formicid Abyssal Knight began the quest for the Orb.
     0 | Abyss:1  | Reached XP level 1. HP: 18/18 MP: 2/2
    21 | Abyss:1  | Found a corrupted altar of Lugonu.
    70 | Abyss:1  | Noticed an iron imp
    71 | D:1      | Escaped the Abyss
   129 | D:1      | Reached skill level 1 in Dodging
   156 | D:1      | Reached XP level 2. HP: 8/24 MP: 3/3
   376 | D:1      | Reached * piety under Lugonu
   563 | D:1      | Reached XP level 3. HP: 26/29 MP: 4/4
  1186 | D:2      | Reached XP level 4. HP: 37/37 MP: 6/6
  1497 | D:2      | HP: 1/37 [orc wizard/dagger (4)]
  1499 | D:2      | Reached skill level 4 in Fighting
  1499 | D:2      | Reached XP level 5. HP: 1/42 MP: 7/7
  1500 | D:2      | Slain by an orc

Skill      XL: |  1  2  3  4 |
---------------+-------------+-----
Dodging        | 1 |  1.9
Invocations    | 3 |  3.2
Fighting       | 4 |  4.0
Armour         | 3 |  3.0
Maces & Flails | |  2.8

Action                   |  1- 3 |  4- 6 || total
-------------------------+-------+-------++-------
Melee: Mace              |    75 |     3 ||    78
       Whip              |       |    42 ||    42
Invok: Depart the Abyss  |     1 |       ||     1
 Abil: Dig               |       |     2 ||     2
  Use: Scroll            |       |     1 ||     1
  Eat: Chunk             |     1 |     1 ||     2
Armor: Leather armour    |    25 |    11 ||    36
Dodge: Dodged            |    54 |    15 ||    69
